 Dungeon Crawl Stone Soup version 0.23.1 (webtiles) character file.

Game seed: 16435368907348248459

2183 Norn the Spear-Bearer (level 9, 0/69 HPs)
             Began as a Merfolk Skald on Mar 12, 2019.
             Slain by an orc warrior
             ... wielding a +0 scimitar
              (17 damage)
             ... on level 5 of the Dungeon.
             The game lasted 00:15:31 (7733 turns).

Norn the Spear-Bearer (Merfolk Skald)               Turns: 7733, Time: 00:15:31

Health: 0/69       AC:  4    Str: 11    XL:     9   Next: 33%
Magic:  5/12       EV: 15    Int: 16    God:
Gold:   182        SH:  0    Dex: 13    Spells: 6/12 levels left

rFire    . . .     SeeInvis .   a - +0 spear
rCold    . . .     Gourm    .   (no shield)
rNeg     . . .     Faith    .   b - +0 leather armour
rPois    .         Spirit   .   (no helmet)
rElec    .         Reflect  .   d - +0 cloak
rCorr    .         Harm     .   (no gloves)
MR       .....                  (no boots)
Stlth    +.........             (no amulet)
HPRegen  0.21/turn              (no ring)
MPRegen  0.13/turn              (no ring)

@: about to teleport
A: change form in water, swift swim, stealthy swim
a: no special abilities


You were on level 5 of the Dungeon.
You were not hungry.

You visited 1 branch of the dungeon, and saw 6 of its levels.
You also visited: Sewer.

You collected 224 gold pieces.
You spent 42 gold pieces at shops.

Inventory:

Hand Weapons
 a - a +0 spear (weapon)
 v - a +0 blowgun
   (You took it off a kobold on level 3 of the Dungeon)
Missiles
 l - 55 sling bullets
 w - 16 poisoned needles
Armour
 b - a +0 leather armour (worn)
 c - a +1 helmet
   (You took it off Robin on level 2 of the Dungeon)
 d - a +0 cloak (worn)
   (You found it on level 1 of the Dungeon)
 t - a scarf of cloud immunity
   (You found it on level 3 of the Dungeon)
 y - a +0 pair of gloves
   (You found it on level 3 of the Dungeon)
 A - a +0 helmet
   (You found it on level 5 of the Dungeon)
 F - a cursed -2 helmet
   (You found it on level 5 of the Dungeon)
Jewellery
 j - an uncursed amulet of regeneration {unknown}
   (You found it on level 1 of the Dungeon)
 z - an uncursed ring of fire {unknown}
   (You found it on level 4 of the Dungeon)
 E - a cursed amulet of inaccuracy {unknown}
   (You found it on level 5 of the Dungeon)
Wands
 u - a wand of clouds (3)
   (You found it on level 3 of the Dungeon)
Scrolls
 f - a scroll of random uselessness {unknown}
 g - 3 scrolls of fear
 m - 3 scrolls of blinking {unknown}
 o - 3 scrolls of teleportation {@r4}
 s - 9 scrolls of identify {@r1}
 x - a scroll of remove curse {@r2}
Potions
 h - 2 potions of flight {unknown}
 i - 2 potions of curing {@q1}
 k - 3 potions of degeneration {!q}
 n - 2 potions of agility {unknown}
 p - a potion of cancellation {unknown}
 q - a potion of haste {unknown}
 r - a potion of magic {unknown}
 B - a potion of heal wounds {@q2}
 C - 2 potions of mutation {unknown}
 D - a potion of brilliance {unknown}
Comestibles
 e - 9 rations {!d}
 G - a chunk of flesh


   Skills:
 + Level 5.8 Fighting
 * Level 10.6 Polearms
 - Level 0.6 Armour
 + Level 7.0 Dodging
 - Level 2.0 Spellcasting
 - Level 5.4 Hexes
 + Level 5.0 Charms


You had 6 spell levels left.
You knew the following spells:

 Your Spells              Type           Power        Failure   Level  Hunger
a - Infusion              Chrm           ###.         3%          1    #......
q - Shroud of Golubria    Chrm/Tloc      #.........   14%         2    ###....
t - Spectral Weapon       Hex/Chrm       ###.....     10%         3    ###....

Your spell library contained the following spells:

 Spells                   Type           Power        Failure   Level  Hunger
 Song of Slaying          Chrm           ###.....     5%          2    ###....
 Regeneration             Chrm/Necr      #.........   28%         3    ###....


Dungeon Overview and Level Annotations

Branches:
Dungeon (6/15)
 Temple: D:4-7

Altars:
Fedhas
Gozag
Nemelex Xobeh
Uskayaw

Shops:
D:5 !([(


Message History

You kill the crimson imp!
No target in view!
Eating one of 2 chunks of flesh.
You eat one of the 2 chunks of flesh.
You swap places.
An orc warrior comes into view. It is wielding a +0 scimitar.
The orc warrior shouts!
An orc warrior is nearby!
An orc wizard comes into view. It is wielding a +0 dagger.
The orc wizard shouts!
You hear a shout!
You hit the orc warrior but do no damage.
Your spectral weapon hits the orc warrior but does no damage.
The orc warrior hits you with a +0 scimitar!!
You hit the orc warrior but do no damage.
Your spectral weapon hits the orc warrior from afar.
You hit the orc warrior but do no damage.
Your spectral weapon hits the orc warrior from afar!
The orc wizard gestures wildly while chanting.
The orc wizard blinks!
The orc warrior hits you with a +0 scimitar!
Your leather armour prevents you from hitting the orc warrior.
Your spectral weapon barely misses the orc warrior.
An orc comes into view. It is wielding a +1 antimagic dagger.
You hit the orc warrior.
Your spectral weapon hits the orc warrior from afar.
The orc warrior hits you with a +0 scimitar!!
* * * LOW HITPOINT WARNING * * *
You swap places.
The orc wizard hits your spectral weapon with a cursed +0 dagger.
Your spectral weapon shares its damage with you!
* * * LOW HITPOINT WARNING * * *
You feel your bond with your spectral weapon wane.
An ogre comes into view. It is wielding a +0 giant club.
Your magical infusion is running out.
The ogre shouts!
There is a stone staircase leading up, spattered with blood here.
The orc wizard hits you but does no damage.
The orc warrior closely misses you.
You climb upwards.
There is a stone staircase leading down here.
The orc wizard mumbles some strange words.
The orc wizard blinks!
You draw out your weapon's spirit!
You are no longer magically infusing your attacks.
As you read the scroll of teleportation {@r4}, it crumbles to dust.
You feel strangely unstable. The orc warrior barely misses you.
Unknown command.
You hit the orc warrior but do no damage.
Your spectral weapon hits the orc warrior but does no damage.
The orc warrior hits you with a +0 scimitar!
You die...

### ### #.#######.# #.........#
#### #.#######.# #... #.#<# #.#
#.#. #.#.# #@# #.#. #.#.# #o#
#########.#. #.#.# #(#
#...........
########.#.#####.#####.#######.#.
.................>.............#.
################..####.#########.
..).......# ##..####.# #.
..).......## #......#.#### #.
..[........# #......+....# #.


You could see an orc warrior and a friendly spectral +0 spear.

Vanquished Creatures
  Pikel (D:3)
  Sigmund (D:2)
  A sky beast (D:5)
  A slave (D:2)
  A phantom (D:5)
  An ogre (D:4)
  A centaur (D:5)
  2 bullfrogs (Sewer)
  A water moccasin skeleton (D:5)
  4 scorpions
  4 killer bees (D:5)
  A howler monkey (D:5)
  A crimson imp (D:6)
  A centaur zombie (D:5)
  2 orc priests
  3 hounds
  A bullfrog skeleton (D:4)
  2 orc wizards (D:4)
  2 iguanas
  3 worker ants
  Robin (D:2)
  A gnoll (D:5)
  5 adders
  A river rat (D:4)
  An ooze (D:3)
  2 adder skeletons (D:4)
  3 worms
  3 dart slugs
  4 leopard geckos
  17 orcs
  4 ball pythons
  9 giant cockroaches
  13 goblins
  5 hobgoblins
  2 jackals (D:3)
  7 kobolds
  A quokka (D:2)
  A bat (D:2)
  15 frilled lizards
  A leopard gecko skeleton (D:4)
  A leopard gecko zombie (D:5)
  A quokka zombie (D:5)
  12 rats
144 creatures vanquished.

Vanquished Creatures (others)
  A spectral weapon (D:4)
1 creature vanquished.

Grand Total: 145 creatures vanquished

Notes
Turn   | Place    | Note
-------+----------+-------------------------------------------
     0 | D:1      | Norn the Merfolk Skald began the quest for the Orb.
     0 | D:1      | Reached XP level 1. HP: 16/16 MP: 3/3
   196 | D:1      | Reached XP level 2. HP: 14/22 MP: 0/5
   683 | D:2      | Reached XP level 3. HP: 23/28 MP: 0/6
   798 | D:2      | Noticed Sigmund
   832 | D:1      | Learned a level 3 spell: Spectral Weapon
   835 | D:1      | Learned a level 2 spell: Shroud of Golubria
   875 | D:2      | Noticed Robin
   899 | D:2      | Reached skill level 4 in Polearms
  1134 | D:2      | Killed Robin
  1321 | D:2      | Reached XP level 4. HP: 33/34 MP: 0/7
  1522 | D:2      | Found a blossoming altar of Fedhas.
  1533 | D:2      | Found a hide-covered altar of Uskayaw.
  1639 | D:2      | Reached skill level 1 in Hexes
  1639 | D:2      | Reached XP level 5. HP: 24/40 MP: 2/8
  1976 | D:2      | Killed Sigmund
  1976 | D:2      | Reached skill level 5 in Polearms
  1976 | D:2      | Reached XP level 6. HP: 40/47 MP: 3/9
  2232 | D:2      | Found an opulent altar of Gozag.
  2583 | D:3      | HP: 2/47 [poisoned by a kobold]
  2591 | D:3      | HP: 1/47 [poisoned by a kobold]
  3132 | D:3      | Reached skill level 6 in Polearms
  3632 | D:5      | Entered Level 5 of the Dungeon
  3870 | D:4      | Reached XP level 7. HP: 50/53 MP: 6/10
  4088 | D:4      | Found a glowing drain.
  4098 | Sewer    | Entered a sewer
  4247 | Sewer    | Reached skill level 7 in Polearms
  4486 | Sewer    | Reached skill level 5 in Dodging
  4793 | D:4      | Reached XP level 8. HP: 54/61 MP: 7/11
  4858 | D:4      | Noticed Pikel
  5151 | D:3      | Killed Pikel
  5151 | D:3      | Reached skill level 9 in Polearms
  5151 | D:3      | Reached skill level 5 in Hexes
  5533 | D:4      | Found a sparkling altar of Nemelex Xobeh.
  5578 | D:4      | Reached skill level 5 in Fighting
  5878 | D:5      | Found Ruoniyng's Distillery.
  5888 | D:5      | Bought a potion of curing for 42 gold pieces
  5991 | D:5      | Found Zeutz's Weapon Boutique.
  5996 | D:5      | Found Ymoheq's Armour Boutique.
  6423 | D:5      | Reached XP level 9. HP: 64/68 MP: 8/12
  6544 | D:5      | Reached skill level 10 in Polearms
  6549 | D:5      | Found Rohuvaox's Antique Weapon Boutique.
  7328 | D:5      | Reached skill level 5 in Charms
  7733 | D:5      | Slain by an orc warrior

Skill      XL: |  1  2  3  4  5  6  7  8  9 |
---------------+----------------------------+-----
Dodging        | 3 4 5 6 7 |  7.0
Polearms       | 4 5 6 7 9 10 | 10.6
Charms         | 4 5 |  5.0
Hexes          | 1 2 3 4 5 |  5.4
Fighting       | 3 4 5 |  5.8
Armour         | |  0.6
Spellcasting   | |  2.0

Action                   |  1- 3 |  4- 6 |  7- 9 || total
-------------------------+-------+-------+-------++-------
Melee: Spear             |   106 |   145 |   359 ||   610
       Tailslap          |       |       |     4 ||     4
 Cast: Infusion          |    13 |    15 |    15 ||    43
       Shroud of Golubri |     1 |       |     1 ||     2
       Spectral Weapon   |       |     4 |    32 ||    36
Evoke: Wand              |       |       |     1 ||     1
  Use: Scroll            |       |    10 |     1 ||    11
 Stab: Sleeping          |     1 |       |     3 ||     4
       Distracted        |       |       |     6 ||     6
  Eat: Chunk             |     2 |     7 |    16 ||    25
       Ration            |       |       |     1 ||     1
Armor: Leather armour    |    19 |    22 |    29 ||    70
Dodge: Dodged            |    50 |    77 |   160 ||   287
